[Event "Titled Tuesday Blitz May 30 Late 2023"]
[White "Vaglio Munoz, Jaime"]
[Black "Hartikainen, Jarmo"]
[WhiteFideId "6500145"]
[BlackFideId "503134"]
[WhiteElo "2199"]
[BlackElo "2116"]
[Result "1/2-1/2"]
[Round "08"]
[TimeControl "180+2"]
[Date "2023.05.31"]
[WhiteClock "0:00:40"]
[BlackClock "0:00:11"]

1. Nf3 Nf6 2. c4 g6 3. b3 Bg7 4. Bb2 d6 5. d4 O-O 6. g3 e5 7. dxe5 Ng4 8. Bg2 Nxe5 9. Nxe5 dxe5 10. Qc1 Nc6 11. O-O Nd4 12. Nc3 c6 13. Rd1 Qa5 14. e3 Qxc3 15. exd4 Qxc1 16. Raxc1 exd4 17. Bxd4 Be6 18. Bxg7 Kxg7 19. Rd4 Rfd8 20. Rcd1 Rxd4 21. Rxd4 a5 22. c5 a4 23. bxa4 Bxa2 24. Rb4 Ra7 25. f4 Kf6 26. Kf2 Bd5 27. Bh3 Be6 28. Bf1 Bd5 29. Bh3 Be6 30. g4 Bd5 31. g5+ Ke7 32. Bc8 Kd8 33. Bg4 Kc7 34. Ke3 Ra6 35. Kd4 b6 36. cxb6+ Rxb6 37. Rxb6 Kxb6 38. a5+ Kxa5 39. Kc5 Ka4 40. Bd7 Kb3 41. Bxc6 Bxc6 42. Kxc6 Kc4 43. Kd6 Kd4 44. Ke7 Ke4 45. Kxf7 Kxf4 46. Kf6 Kg4 47. Kg7 Kxg5 48. Kxh7 Kh5 49. h4 g5 50. hxg5 Kxg5 1/2-1/2


[Site "https://www.chess.com"]

[Event "Titled Tuesday Blitz May 30 Late 2023"]
[White "deloewre"]
[Black "Ardila, Oscar Humberto"]
[BlackFideId "4404742"]
[WhiteElo "2114"]
[BlackElo "1918"]
[Result "0-1"]
[Round "08"]
[TimeControl "180+2"]
[Date "2023.05.31"]
[WhiteClock "0:00:20"]
[BlackClock "0:01:56"]

1. c4 Nf6 2. Nc3 g6 3. e4 d6 4. g3 Bg7 5. Bg2 O-O 6. Nge2 e5 7. O-O Nbd7 8. d3 c6 9. b3 Qc7 10. Ba3 Rd8 11. Rc1 a6 12. h3 Qb8 13. d4 b5 14. dxe5 dxe5 15. Bd6 Qb6 16. c5 Qa7 17. b4 Bb7 18. a3 Nf8 19. Qb3 Ne8 20. Rfd1 Nxd6 21. cxd6 Bc8 22. Rd3 Be6 23. Qd1 Bc4 24. Rd2 Ne6 25. Bf1 Bh6 26. Kh2 Qxf2+ 27. Kh1 Bxd2 28. Qxd2 Nd4 29. Qg5 Nf3 30. Qxd8+ Rxd8 0-1


[Site "https://www.chess.com"]

[Event "Titled Tuesday Blitz May 30 Late 2023"]
[White "campochess"]
[Black "Sarkar, Justin"]
[BlackFideId "2010011"]
[WhiteElo "2096"]
[BlackElo "2168"]
[Result "1-0"]
[Round "08"]
[TimeControl "180+2"]
[Date "2023.05.31"]
[WhiteClock "0:00:43"]
[BlackClock "0:00:02"]

1. Nf3 Nf6 2. b3 g6 3. Bb2 Bg7 4. e4 O-O 5. e5 Ne8 6. Nc3 d6 7. d4 Nc6 8. Bb5 dxe5 9. Bxc6 bxc6 10. Nxe5 c5 11. Na4 cxd4 12. Qxd4 Qxd4 13. Bxd4 Nd6 14. O-O-O Bb7 15. f3 Nf5 16. Bb2 Ne3 17. Rd7 Nxg2 18. Rxc7 Bxe5 19. Rxb7 Bxb2+ 20. Kxb2 e5 21. Nc5 Nh4 22. Rf1 Rfb8 23. f4 Rxb7 24. Nxb7 e4 25. Nc5 f5 26. Kc3 Rd8 27. b4 e3 28. Nd3 Ng2 29. Rg1 e2 30. Rxg2 e1=Q+ 31. Nxe1 1-0


[Site "https://www.chess.com"]

[Event "Titled Tuesday Blitz May 30 Late 2023"]
[White "The_Straightforward_Rook"]
[Black "Maluco_do_Natal_00"]
[WhiteElo "2275"]
[BlackElo "2077"]
[Result "1-0"]
[Round "08"]
[TimeControl "180+2"]
[Date "2023.05.31"]
[WhiteClock "0:01:29"]
[BlackClock "0:00:03"]

1. e4 c5 2. Nf3 Nc6 3. d3 g6 4. g3 Bg7 5. Bg2 d6 6. O-O Rb8 7. Nbd2 Nf6 8. Re1 O-O 9. a4 a6 10. c3 b5 11. axb5 axb5 12. Qe2 Bb7 13. Nf1 b4 14. d4 bxc3 15. bxc3 cxd4 16. cxd4 Nb4 17. Rb1 Bxe4 18. Rb3 Nbd5 19. Ra3 Ra8 20. h3 Rxa3 21. Bxa3 Qa8 22. Bb2 Nb4 23. N1d2 Bd5 24. Qxe7 Nd3 25. Rb1 Nxb2 26. Rxb2 Re8 27. Qxd6 Ne4 28. Nxe4 Bxe4 29. Re2 1-0


[Site "https://www.chess.com"]

[Event "Titled Tuesday Blitz May 30 Late 2023"]
[White "Silva Rosas, Natalia"]
[Black "Harish, Neeraj"]
[WhiteFideId "3000575"]
[BlackFideId "30958130"]
[WhiteElo "1651"]
[BlackElo "1879"]
[Result "1-0"]
[Round "08"]
[TimeControl "180+2"]
[Date "2023.05.31"]
[WhiteClock "0:00:10"]
[BlackClock "0:00:04"]

1. e4 c5 2. Nc3 Nc6 3. f4 g6 4. Nf3 Bg7 5. Bc4 e6 6. d3 Nge7 7. a4 O-O 8. O-O d5 9. Ba2 a6 10. Qe1 Rb8 11. Ng5 h6 12. Nh3 b5 13. a5 b4 14. Ne2 Nd4 15. Nxd4 Bxd4+ 16. Kh1 Bg7 17. f5 exf5 18. Qh4 g5 19. Bxg5 hxg5 20. Nxg5 Re8 21. Qh7+ Kf8 22. Qh5 Be6 23. exf5 Nxf5 24. Rxf5 Bf6 25. Nh7+ Kg7 26. Rxf6 Rh8 27. Rh6 Qd6 28. Qg5# 1-0


[Site "https://www.chess.com"]

[Event "Titled Tuesday Blitz May 30 Late 2023"]
[White "Alexikov, Alexander"]
[Black "NtcPou"]
[WhiteFideId "14103958"]
[WhiteElo "2186"]
[BlackElo "2051"]
[Result "1-0"]
[Round "08"]
[TimeControl "180+2"]
[Date "2023.05.31"]
[WhiteClock "0:00:26"]
[BlackClock "0:00:08"]

1. e4 c6 2. d4 d5 3. e5 Bf5 4. h4 h5 5. Ne2 e6 6. Ng3 Bg6 7. Be2 c5 8. c3 Nc6 9. Be3 Qb6 10. Qb3 c4 11. Qxb6 axb6 12. Nd2 Nge7 13. a3 Nf5 14. Nxf5 Bxf5 15. Nf1 b5 16. Rd1 Na5 17. Ng3 Bg6 18. O-O Be7 19. Bg5 Nb3 20. Bxe7 Kxe7 21. f4 Ra7 22. f5 Bxf5 23. Nxf5+ exf5 24. Rxf5 g6 25. Rf4 b6 26. Kf2 Rf8 27. Ke3 f6 28. Rdf1 f5 29. g4 hxg4 30. Bxg4 Rh8 31. Be2 Rh6 32. h5 gxh5 33. Rxf5 Ra8 34. Bxh5 Rg8 35. Rf7+ Ke6 36. R1f6+ Rxf6 37. Rxf6+ Ke7 38. Rxb6 Nc1 39. Rxb5 Rg3+ 40. Bf3 Nd3 41. Rxd5 Ne1 42. Kf2 Rxf3+ 43. Kxe1 Rh3 44. a4 Rh2 45. Rb5 Rh1+ 46. Kd2 Ra1 47. a5 Ke6 48. Ke3 Re1+ 49. Kf2 Ra1 50. Kf3 Rf1+ 51. Ke2 Ra1 52. Kd2 Ra2 53. Kc2 Ra1 54. b4 Ra2+ 55. Kb1 Ra3 56. Kb2 Rb3+ 57. Kc2 Ra3 58. Rc5 Ra2+ 59. Kb1 Rh2 60. b5 Rh3 61. Kb2 Rh2+ 62. Ka3 Rh1 63. Kb4 Rb1+ 64. Kxc4 Ra1 65. Rc6+ Kf5 66. a6 Ke4 67. e6 Ra4+ 68. Kb3 Ra1 69. e7 Kd3 70. e8=Q Rb1+ 71. Ka4 Ra1+ 72. Kb4 Rb1+ 73. Ka5 Ra1+ 74. Kb6 Re1 75. Qg6+ Kd2 76. c4 Re4 77. d5 Rd4 78. d6 Rd3 79. c5 1-0


[Site "https://www.chess.com"]

[Event "Titled Tuesday Blitz May 30 Late 2023"]
[White "Celestino, Rafael Teixeira"]
[Black "Kornyukov, Alexey"]
[WhiteFideId "2108925"]
[BlackFideId "4150457"]
[WhiteElo "2314"]
[BlackElo "2352"]
[Result "1-0"]
[Round "08"]
[TimeControl "180+2"]
[Date "2023.05.31"]
[WhiteClock "0:00:57"]
[BlackClock "0:00:02"]

1. e4 c5 2. Nf3 Nc6 3. d4 cxd4 4. Nxd4 Nf6 5. Nc3 e5 6. Nxc6 bxc6 7. Bg5 Bb4 8. Qd3 h6 9. Bxf6 Qxf6 10. Be2 O-O 11. O-O d6 12. a3 Bc5 13. Na4 Bb6 14. Nxb6 axb6 15. Qe3 Rb8 16. Rfd1 Rd8 17. Rd2 d5 18. exd5 cxd5 19. Rad1 d4 20. Qb3 e4 21. Qb4 Bf5 22. Rxd4 Rxd4 23. Rxd4 Rc8 24. c3 Qg5 25. Qxb6 Bh3 26. Bf1 e3 27. fxe3 Qxe3+ 28. Kh1 Re8 29. gxh3 Qf3+ 30. Kg1 Re1 31. Qb8+ Kh7 32. Qb5 Qe3+ 33. Kg2 g6 34. Qd3 1-0


[Site "https://www.chess.com"]

[Event "Titled Tuesday Blitz May 30 Late 2023"]
[White "dodoucb"]
[Black "Ricaurte Lopez, Juan Carlos"]
[BlackFideId "3600327"]
[WhiteElo "2309"]
[BlackElo "2200"]
[Result "1-0"]
[Round "08"]
[TimeControl "180+2"]
[Date "2023.05.31"]
[WhiteClock "0:00:10"]
[BlackClock "0:00:11"]

1. e4 e5 2. Nf3 Nc6 3. Bb5 a6 4. Ba4 b5 5. Bb3 Bb7 6. O-O Bc5 7. c3 d6 8. d3 Nf6 9. h3 h6 10. Re1 O-O 11. Nbd2 Re8 12. Nf1 d5 13. exd5 Nxd5 14. Ng3 Qd7 15. Ne4 Bf8 16. Nh4 Re6 17. Qg4 Rd8 18. Bd2 Na5 19. Bc2 Nf6 20. Nxf6+ Rxf6 21. Qxd7 Rxd7 22. Be3 c5 23. a3 c4 24. d4 exd4 25. Bxd4 Rfd6 26. Nf5 Rd5 27. Be4 Rxd4 28. Nxd4 Bxe4 29. Rxe4 Nb3 30. Rd1 g6 31. g4 Kg7 32. Rde1 Bc5 33. Nxb3 cxb3 34. R1e2 Rd1+ 35. Kg2 Rc1 36. Re5 Bd6 37. Rd5 Bxa3 38. bxa3 Rc2 39. Rdd2 Rxc3 40. Re3 Rxe3 41. fxe3 a5 42. Rd5 b2 43. Rxb5 a4 44. Rxb2 Kf6 45. Rb4 Ke5 46. Kf3 Kd5 47. Rxa4 Kc5 48. Rd4 f5 49. a4 fxg4+ 50. hxg4 1-0


[Site "https://www.chess.com"]

[Event "Titled Tuesday Blitz May 30 Late 2023"]
[White "Stead, Kerry"]
[Black "Wang, Alexander J"]
[WhiteFideId "3202577"]
[BlackFideId "30955270"]
[WhiteElo "1997"]
[BlackElo "2248"]
[Result "0-1"]
[Round "08"]
[TimeControl "180+2"]
[Date "2023.05.31"]
[WhiteClock "0:00:05"]
[BlackClock "0:00:42"]

1. d4 d5 2. e4 dxe4 3. Nc3 Nf6 4. f3 exf3 5. Nxf3 e6 6. Bg5 Be7 7. Bd3 O-O 8. O-O h6 9. Bxf6 Bxf6 10. Ne4 Bxd4+ 11. Kh1 Nc6 12. c3 Bb6 13. Qe1 Qxd3 14. Rd1 Qb5 15. Qg3 Qf5 16. Rde1 Qg6 17. Qxg6 fxg6 18. c4 Ba5 19. Re2 e5 0-1


[Site "https://www.chess.com"]

[Event "Titled Tuesday Blitz May 30 Late 2023"]
[White "Schut, Han"]
[Black "dorpato"]
[WhiteFideId "1005561"]
[WhiteElo "2024"]
[BlackElo "2039"]
[Result "1-0"]
[Round "08"]
[TimeControl "180+2"]
[Date "2023.05.31"]
[WhiteClock "0:00:06"]
[BlackClock "0:00:01"]

1. e4 c5 2. Nf3 d6 3. d4 cxd4 4. Nxd4 Nf6 5. f3 a6 6. c4 g6 7. Be3 Bg7 8. Qd2 Bd7 9. Nc3 O-O 10. Rc1 Nc6 11. Be2 Nxd4 12. Bxd4 a5 13. b3 Bc6 14. O-O Nd7 15. Be3 Nc5 16. Rfd1 Be5 17. Bd3 e6 18. Bxc5 dxc5 19. f4 Bd4+ 20. Kh1 Qh4 21. Ne2 Rad8 22. Rf1 Bg7 23. Qe3 Bd4 24. Nxd4 Rxd4 25. Rcd1 Rfd8 26. Bc2 Qf6 27. Rxd4 Qxd4 28. Qxd4 Rxd4 29. Re1 Rd2 30. Bb1 a4 31. bxa4 Bxa4 32. f5 exf5 33. exf5 gxf5 34. Bxf5 Rxa2 35. h4 Rf2 36. Bh3 Rf4 37. h5 Rxc4 38. Re7 Rh4 39. Rxb7 Rxh5 40. Kg1 c4 41. Rc7 Bb3 42. Bg4 Rg5 43. Bf3 Ra5 44. Kf2 Ra2+ 45. Kg3 Ra5 46. Kf4 Ra6 47. Bd5 Rf6+ 48. Ke5 Kg7 49. Bxc4 Bxc4 50. Rxc4 Rg6 51. Rc2 h5 52. Kf4 Rg4+ 53. Kf3 Kg6 54. Rc8 Kf6 55. g3 Rg5 56. Rh8 Kg7 57. Rc8 f6 58. Rc7+ Kg6 59. Rc8 Rf5+ 60. Kg2 Rd5 61. Kh3 Rd3 62. Kh4 Rd4+ 63. Kh3 Rd1 64. Kg2 Kf5 65. Kf3 Rd3+ 66. Kf2 Rd4 67. Kf3 Rg4 68. Rc5+ Kg6 69. Rc8 Rg5 70. Rc4 Kf5 71. Rc5+ Kg6 72. Rc8 Kh6 73. Rd8 Rg6 74. Kf4 Rg4+ 75. Kf3 Rg6 76. Rd7 Kg5 77. Rd5+ f5 78. Rb5 Rc6 79. Rb3 Rc4 80. Rd3 f4 81. Rd5+ Kg6 82. gxf4 h4 83. Rg5+ Kh6 84. Kg4 h3 85. Rh5+ Kg6 86. Rxh3 Kf6 87. Rd3 Rc1 88. Rd6+ Ke7 89. Ra6 Rg1+ 90. Kf5 Rb1 91. Ra7+ 1-0


[Site "https://www.chess.com"]

[Event "Titled Tuesday Blitz May 30 Late 2023"]
[White "ritanovikova"]
[Black "Castillo Pena, Patricia Evarista"]
[BlackFideId "6412106"]
[WhiteElo "2163"]
[BlackElo "1919"]
[Result "1-0"]
[Round "08"]
[TimeControl "180+2"]
[Date "2023.05.31"]
[WhiteClock "0:01:16"]
[BlackClock "0:00:02"]

1. e4 c5 2. Nc3 Nc6 3. d3 g6 4. Be3 Bg7 5. Qd2 d6 6. g3 Nf6 7. h3 O-O 8. Bg2 Rb8 9. Nd1 b5 10. c3 a5 11. Bh6 b4 12. h4 a4 13. h5 Bxh6 14. Qxh6 Ba6 15. hxg6 fxg6 16. Ne3 Rf7 17. e5 Nxe5 18. Bd5 Nxd3+ 19. Kd1 Nxd5 20. Nxd5 Nxf2+ 21. Kd2 Nxh1 22. Qxh1 bxc3+ 23. Nxc3 Rxb2+ 24. Ke3 e6 25. Qh4 Qxh4 26. gxh4 d5 27. Nxa4 Rbf2 28. Nxc5 Bc8 29. Rb1 e5 30. Rb8 d4+ 31. Ke4 Rf8 32. Kxe5 R2f5+ 33. Kxd4 Rd8+ 34. Kc4 Be6+ 35. Nxe6 Rxb8 36. Nd4 Rc8+ 37. Kd3 Rf1 38. Nge2 Ra1 39. Nc3 1-0


[Site "https://www.chess.com"]

[Event "Titled Tuesday Blitz May 30 Late 2023"]
[White "Burke, Paul"]
[Black "Horokoskii"]
[WhiteFideId "2605767"]
[WhiteElo "1911"]
[BlackElo "2128"]
[Result "0-1"]
[Round "08"]
[TimeControl "180+2"]
[Date "2023.05.31"]
[WhiteClock "0:00:40"]
[BlackClock "0:01:56"]

1. e4 e6 2. d4 d5 3. e5 c5 4. Qg4 Nc6 5. Nf3 h5 6. Qg3 Nh6 7. Bd3 Nxd4 8. Nxd4 cxd4 9. O-O h4 10. Qf4 Be7 11. Qxd4 Bg5 12. Bb5+ Kf8 13. Bxg5 Qxg5 14. f4 Qg6 15. Bd3 Nf5 16. Nc3 h3 17. Qc5+ Kg8 18. g3 Qg4 19. Rae1 Nxg3 0-1


[Site "https://www.chess.com"]

[Event "Titled Tuesday Blitz May 30 Late 2023"]
[White "Sanchez, Robert"]
[Black "Escalante Ramirez, Rafael"]
[WhiteFideId "2034360"]
[BlackFideId "3900177"]
[WhiteElo "1807"]
[BlackElo "2211"]
[Result "0-1"]
[Round "08"]
[TimeControl "180+2"]
[Date "2023.05.31"]
[WhiteClock "0:02:25"]
[BlackClock "0:01:48"]

1. Nf3 Nf6 2. c4 e6 3. Nc3 Bb4 4. Qc2 b6 5. a3 Bxc3 6. Qxc3 Bb7 7. b3 d6 8. Bb2 c5 9. g3 Nbd7 10. Bg2 e5 11. d3 O-O 12. O-O Ne8 13. e3 Nc7 14. Rfd1 Qe7 15. Nh4 Bxg2 16. Nxg2 Ne6 17. Re1 f6 18. Rad1 Qf7 19. d4 exd4 20. exd4 Nxd4 21. Qd3 Ne5 22. Qe4 Ndf3+ 23. Kh1 Nxe1 24. Rxe1 Rae8 25. Qxh7+ 0-1


[Site "https://www.chess.com"]

[Event "Titled Tuesday Blitz May 30 Late 2023"]
[White "Bluebaum, Matthias"]
[Black "Duda, Jan-Krzysztof"]
[WhiteFideId "24651516"]
[BlackFideId "1170546"]
[WhiteElo "2639"]
[BlackElo "2790"]
[Result "0-1"]
[Round "09"]
[TimeControl "180+2"]
[Date "2023.05.31"]
[WhiteClock "0:00:05"]
[BlackClock "0:00:06"]

1. d4 Nf6 2. c4 e6 3. Nc3 Bb4 4. e3 c5 5. Ne2 cxd4 6. exd4 d5 7. c5 Ne4 8. a3 Nxc3 9. Nxc3 Bxc3+ 10. bxc3 O-O 11. Bd3 b6 12. Qh5 f5 13. cxb6 axb6 14. O-O Ba6 15. Qe2 Bxd3 16. Qxd3 Qd7 17. Bf4 Rc8 18. Rfe1 Rc6 19. h3 Qc8 20. Re3 Nd7 21. Rg3 Nf8 22. Bd2 Ng6 23. Qb5 Ra5 24. Qb4 Qc7 25. Re1 Kf7 26. h4 Nxh4 27. Rh3 Qd8 28. Qb3 Ra7 29. Qd1 h6 30. Qh5+ Ng6 31. g4 Rxa3 32. gxf5 exf5 33. Rg3 Ra2 34. Qxf5+ Rf6 35. Qd3 Qd7 36. Ree3 Qf5 37. Qe2 Ra1+ 38. Be1 Kg8 39. Re8+ Kh7 40. Rb8 Re6 41. Re3 Nf4 42. Qf1 Rxe3 43. fxe3 Rxe1 44. Qxe1 Qg4+ 0-1


[Site "https://www.chess.com"]

[Event "Titled Tuesday Blitz May 30 Late 2023"]
[White "Henriquez Villagra, Cristobal"]
[Black "Bortnyk, Olexandr"]
[WhiteFideId "3409350"]
[BlackFideId "14120828"]
[WhiteElo "2542"]
[BlackElo "2734"]
[Result "1-0"]
[Round "09"]
[TimeControl "180+2"]
[Date "2023.05.31"]
[WhiteClock "0:00:24"]
[BlackClock "0:00:03"]

1. Nf3 Nf6 2. g3 b6 3. Bg2 Bb7 4. O-O g6 5. d3 Bg7 6. e4 O-O 7. c4 d6 8. Nc3 c5 9. Re1 e5 10. a3 Nc6 11. Rb1 a5 12. Bg5 Nd4 13. Nxd4 cxd4 14. Nd5 Bxd5 15. cxd5 h6 16. Bxf6 Bxf6 17. Rc1 a4 18. Rc6 h5 19. Qd2 b5 20. Bh3 Be7 21. Kg2 Kg7 22. f4 h4 23. fxe5 dxe5 24. Rf1 Bg5 25. Qe2 hxg3 26. hxg3 Ra7 27. Qg4 Be3 28. d6 Qa5 29. d7 Qd2+ 30. Kh1 Bg5 31. Rc8 Rd8 32. Qf3 Rdxd7 33. Bxd7 Rxd7 34. Rf2 Qe3 35. Kg2 Re7 36. Qg4 f6 37. Rd8 Qxd3 38. Rd7 Kf7 39. Qxg5 Qxe4+ 40. Kh2 Qc6 41. Rxe7+ Kxe7 42. Qxg6 Qe6 43. Qg7+ Qf7 44. Qxf7+ Kxf7 45. g4 Ke6 46. Kg3 d3 47. Kf3 1-0


[Site "https://www.chess.com"]

[Event "Titled Tuesday Blitz May 30 Late 2023"]
[White "Pranav, V"]
[Black "Holt, Conrad"]
[WhiteFideId "25060783"]
[BlackFideId "2034387"]
[WhiteElo "2515"]
[BlackElo "2592"]
[Result "0-1"]
[Round "09"]
[TimeControl "180+2"]
[Date "2023.05.31"]
[WhiteClock "0:00:02"]
[BlackClock "0:00:14"]

1. e4 e6 2. d3 d5 3. Nd2 c5 4. Ngf3 Nc6 5. g3 Bd6 6. Bg2 Nge7 7. O-O O-O 8. Re1 Qc7 9. Qe2 f6 10. c3 Bd7 11. Nf1 d4 12. cxd4 Nxd4 13. Nxd4 cxd4 14. Bd2 Rac8 15. h4 Qb6 16. Bc1 e5 17. h5 Qa6 18. Rd1 Ba4 19. Re1 Bc2 20. Bh3 Bxd3 21. Qg4 f5 22. Qh4 Bxe4 23. Rxe4 fxe4 24. Bxc8 Rxc8 25. Bg5 Re8 26. Bxe7 Rxe7 27. Qxe4 Qc6 28. Nd2 Rc7 29. Qf5 Qd7 30. Qd3 Qf7 31. Ne4 Be7 32. Qe2 Qd5 33. Qd3 Rc8 34. a3 b5 35. Re1 Qc4 36. Qf3 Rf8 37. Qg4 h6 38. Qd7 Qf7 39. Qxb5 Qxh5 40. Qd7 Rf7 41. Qxa7 Kh7 42. Qa6 Bf8 43. a4 Bb4 44. Qe2 Qxe2 45. Rxe2 d3 46. Re3 Rd7 47. Kg2 d2 48. Nxd2 Rxd2 49. Rxe5 Rxb2 50. Rb5 Bc3 51. Rd5 Ra2 52. Rd3 Bf6 53. Rf3 Rxa4 54. Kh3 Ra5 55. Rb3 Kg6 56. f3 Rh5+ 57. Kg2 Rd5 58. Rb7 Rc5 59. Ra7 Rc3 60. Rb7 h5 61. Rb5 h4 62. gxh4 Bxh4 63. Kh3 Bf6 64. Kg3 Rc4 65. Ra5 Kf7 66. Ra7+ Ke6 67. Ra5 Be5+ 68. Kh3 Kf5 69. Ra7 Rc3 70. Kg2 Rc2+ 71. Kf1 Kf4 72. Rf7+ Bf6 0-1


[Site "https://www.chess.com"]

[Event "Titled Tuesday Blitz May 30 Late 2023"]
[White "Makarian, Rudik"]
[Black "Hakobyan, Aram"]
[WhiteFideId "44105681"]
[BlackFideId "13306677"]
[WhiteElo "2461"]
[BlackElo "2584"]
[Result "0-1"]
[Round "09"]
[TimeControl "180+2"]
[Date "2023.05.31"]
[WhiteClock "0:00:06"]
[BlackClock "0:00:13"]

1. d4 Nf6 2. c4 e6 3. Nf3 d5 4. Nc3 Nbd7 5. cxd5 exd5 6. Bg5 Bb4 7. e3 h6 8. Bh4 g5 9. Bg3 Ne4 10. Nd2 Nxg3 11. hxg3 Nb6 12. Bd3 Be6 13. a3 Bf8 14. Qc2 Bg7 15. Bf5 Bxf5 16. Qxf5 Qd7 17. Qd3 c6 18. b4 O-O 19. O-O Rfe8 20. a4 Nc8 21. b5 Nd6 22. bxc6 bxc6 23. a5 h5 24. Na4 h4 25. Nc5 Qg4 26. gxh4 gxh4 27. Kh2 Nf5 28. Rab1 Bf8 29. Nf3 Bd6+ 30. Kh1 h3 31. Rg1 Kh8 32. Qd1 Rg8 33. g3 Rae8 34. Nh2 Qxd1 35. Rgxd1 Bxg3 36. fxg3 Nxg3+ 37. Kg1 Ne2+ 38. Kh1 Rg2 39. Nf1 Nc3 40. Nd7 Reg8 41. Ne5 Rg1+ 42. Kh2 Ne4 43. Nd2 R8g2+ 44. Kxh3 Nf2+ 45. Kh4 Rh2# 0-1


[Site "https://www.chess.com"]

[Event "Titled Tuesday Blitz May 30 Late 2023"]
[White "Hansen, Eric"]
[Black "Moussard, Jules"]
[WhiteFideId "2606771"]
[BlackFideId "642908"]
[WhiteElo "2561"]
[BlackElo "2610"]
[Result "1-0"]
[Round "09"]
[TimeControl "180+2"]
[Date "2023.05.31"]
[WhiteClock "0:00:29"]
[BlackClock "0:00:01"]

1. e4 c5 2. Nf3 d6 3. Bb5+ Bd7 4. Bxd7+ Qxd7 5. c4 Nc6 6. Nc3 Nf6 7. d4 cxd4 8. Nxd4 g6 9. f3 Bg7 10. Nde2 O-O 11. O-O a6 12. a4 e6 13. Kh1 Rac8 14. Bg5 h6 15. Bh4 g5 16. Bf2 Qe7 17. a5 Nd7 18. b3 Nc5 19. Rb1 Nb4 20. Qd2 Qc7 21. Na2 Nxa2 22. Qxa2 g4 23. Rbd1 gxf3 24. gxf3 f5 25. Nf4 Qf7 26. exf5 Qxf5 27. Be3 Be5 28. Ng6 Rf7 29. Nxe5 Qxe5 30. Bd4 Qf5 31. Rg1+ Kf8 32. Rg3 Ke7 33. Be3 Rg8 34. Qd2 Rd8 35. b4 Nb3 36. Qc3 h5 37. Qxb3 h4 38. Bg5+ Ke8 39. Bxh4 Rc8 40. Qa4+ Rc6 41. b5 axb5 42. cxb5 Rc2 43. b6+ Kf8 44. Qd4 e5 45. Qxd6+ 1-0


[Site "https://www.chess.com"]

[Event "Titled Tuesday Blitz May 30 Late 2023"]
[White "Maksimovic, Bojan"]
[Black "Muradli, Mahammad"]
[WhiteFideId "14408120"]
[BlackFideId "13409301"]
[WhiteElo "2468"]
[BlackElo "2558"]
[Result "1-0"]
[Round "09"]
[TimeControl "180+2"]
[Date "2023.05.31"]
[WhiteClock "0:00:18"]
[BlackClock "0:00:02"]

1. Nf3 g6 2. g3 Bg7 3. Bg2 c5 4. O-O Nc6 5. c3 d5 6. d3 e5 7. Nbd2 Nge7 8. e4 O-O 9. Re1 Re8 10. exd5 Nxd5 11. Nc4 h6 12. a4 b6 13. a5 b5 14. Ne3 Be6 15. a6 Rc8 16. Nxd5 Bxd5 17. Be3 Qd6 18. Nd2 Bxg2 19. Kxg2 Qxd3 20. Bxc5 Red8 21. Ne4 Qc4 22. Qe2 Rd3 23. b3 Qd5 24. Rad1 Rxd1 25. Qxd1 Qe6 26. Qd6 Qf5 27. Qd5 Bf8 28. Bxf8 Kxf8 29. Qxb5 Qd7 30. Qb7 Rc7 31. Qb5 Kg7 32. Kg1 h5 33. h4 Qe6 34. b4 Ne7 35. Nc5 Qf5 36. Qe2 f6 37. Rd1 Kf7 38. Qc4+ Ke8 39. Kg2 Qg4 40. Qxg4 hxg4 41. Rd6 f5 42. Kf1 Kf7 43. Ke2 Ke8 44. Kd3 f4 45. Ke4 f3 46. Kxe5 Kf7 47. Rf6+ Kg7 48. Ne6+ 1-0


[Site "https://www.chess.com"]

[Event "Titled Tuesday Blitz May 30 Late 2023"]
[White "Naroditsky, Daniel"]
[Black "Xiong, Jeffery"]
[WhiteFideId "2026961"]
[BlackFideId "2047640"]
[WhiteElo "2633"]
[BlackElo "2726"]
[Result "0-1"]
[Round "09"]
[TimeControl "180+2"]
[Date "2023.05.31"]
[WhiteClock "0:00:04"]
[BlackClock "0:01:06"]

1. e4 c5 2. c3 e6 3. Nf3 Nc6 4. d4 cxd4 5. cxd4 d5 6. e5 Nge7 7. Nbd2 Nf5 8. Bd3 Nfxd4 9. Nxd4 Nxd4 10. O-O Bd7 11. Qg4 Qb6 12. b3 h5 13. Qh3 Bb4 14. Nf3 Bc3 15. Rb1 Nxf3+ 16. Qxf3 Bxe5 17. Re1 Qd6 18. h4 Rc8 19. Bd2 g6 20. Bg5 Bg7 21. Rbd1 O-O 22. g4 hxg4 23. Qxg4 e5 24. Qg3 Qe6 25. Be2 d4 26. h5 Rc3 27. Rd3 Rfc8 28. h6 Bf6 29. Bd2 Rxd3 30. Bxd3 Qg4 31. Qxg4 Bxg4 32. f4 exf4 33. Bxf4 Kh7 34. Bc4 g5 35. Bd2 Kxh6 36. Kg2 Kg7 37. Rf1 Be6 38. Bd3 Be7 39. Be4 b6 40. Re1 a5 41. Bd3 Bb4 42. Bxb4 axb4 43. Re5 Rc5 44. Re2 Kf6 45. Kf2 Bf5 46. Bc4 b5 47. Bxf7 Kxf7 48. a4 bxa3 49. b4 Rc2 50. Kg1 Rxe2 51. Kf1 d3 52. Kg1 a2 0-1


[Site "https://www.chess.com"]

[Event "Titled Tuesday Blitz May 30 Late 2023"]
[White "Tejedor Fuente, Enrique"]
[Black "Sarana, Alexey"]
[WhiteFideId "2299100"]
[BlackFideId "24133795"]
[WhiteElo "2496"]
[BlackElo "2714"]
[Result "0-1"]
[Round "09"]
[TimeControl "180+2"]
[Date "2023.05.31"]
[WhiteClock "0:00:01"]
[BlackClock "0:00:11"]

1. c4 e6 2. d4 d5 3. Nc3 Nf6 4. cxd5 Nxd5 5. Nf3 c5 6. e3 Nc6 7. Be2 Be7 8. O-O O-O 9. Bd2 cxd4 10. exd4 b6 11. Qa4 Bb7 12. Rfd1 Rc8 13. Rac1 Qd6 14. Nb5 Qb8 15. Nc3 Rfd8 16. Ba6 Bxa6 17. Qxa6 Ncb4 18. Qa4 Qb7 19. a3 Nxc3 20. bxc3 Nc6 21. Rb1 a6 22. Qb3 b5 23. a4 Na5 24. Qa2 Nc4 25. Be1 Qc6 26. axb5 axb5 27. Qb3 Rd5 28. Ra1 h5 29. Qc2 Rf5 30. Qe2 Bf6 31. Ra7 Nd6 32. Rda1 Ne4 33. R7a3 h4 34. h3 Qd5 35. Rb1 Nd6 36. Rab3 Ra8 37. R3b2 Ra3 38. Nh2 Bg5 39. Ng4 Bf4 40. Bd2 Bxd2 41. Qxd2 Nc4 42. Qe2 Nxb2 43. Qxb2 Qa2 44. Qb4 Ra4 45. Qb3 Qxb3 46. Rxb3 Ra1+ 47. Kh2 Rc1 48. f3 Rd5 49. Ne3 Rd8 50. Ng4 Ra8 51. Rxb5 Raa1 52. g3 Rc2+ 0-1


[Site "https://www.chess.com"]

[Event "Titled Tuesday Blitz May 30 Late 2023"]
[White "Panesar Vedant"]
[Black "Kramnik, Vladimir"]
[WhiteFideId "35033018"]
[BlackFideId "4101588"]
[WhiteElo "2347"]
[BlackElo "2703"]
[Result "0-1"]
[Round "09"]
[TimeControl "180+2"]
[Date "2023.05.31"]
[WhiteClock "0:00:04"]
[BlackClock "0:00:04"]

1. e4 c5 2. Nf3 e6 3. d4 cxd4 4. Nxd4 Nf6 5. Nc3 Nc6 6. Nxc6 bxc6 7. e5 Nd5 8. Ne4 Qc7 9. f4 a5 10. Be2 Qb6 11. c3 Be7 12. Nd6+ Bxd6 13. exd6 O-O 14. c4 Nf6 15. Qd3 Ba6 16. b3 Rfb8 17. Be3 Qb4+ 18. Bd2 Qc5 19. Be3 Qf5 20. O-O Qxd3 21. Bxd3 a4 22. bxa4 Rb4 23. Rfc1 c5 24. a5 Ra4 25. Bxc5 Rxa5 26. Bb4 Ra4 27. a3 Bb7 28. Bc2 R4a6 29. Bb3 Bc6 30. Kf2 Ne4+ 31. Ke3 f5 32. c5 Kf7 33. h3 h5 34. g4 hxg4 35. hxg4 fxg4 36. Rg1 Nf6 37. f5 Bd5 38. fxe6+ Bxe6 39. Bxe6+ Kxe6 40. Kd4 Rh8 41. Rae1+ Kf5 42. Re5+ Kg6 43. Re7 Rh2 44. Kc4 Rc2+ 45. Kb5 Ra8 46. Ba5 Rb2+ 47. Bb4 Rxa3 48. c6 Rab3 49. c7 Rxb4+ 50. Kc5 Rb5+ 51. Kc4 R2b4+ 52. Kd3 Rc5 53. Rf1 Rbc4 54. Rxf6+ gxf6 55. Rxd7 g3 56. Rd8 Kg7 57. d7 Rxc7 58. Rg8+ Kxg8 59. d8=Q+ Kg7 60. Qd5 Rc3+ 61. Kd2 Rc2+ 62. Kd3 g2 63. Qd4 R2c4 64. Qf2 Rg4 65. Qg1 Rc1 66. Qa7+ Kg6 67. Qa8 g1=Q 68. Qg8+ Kh5 69. Qh7+ Kg5 70. Qg7+ Kh4 71. Qxf6+ Kh3 72. Qh6+ Kg2 73. Qd2+ Kh1 74. Qh6+ Kg2 75. Qd2+ Qf2 76. Qxc1 Qd4+ 77. Kc2 Qc5+ 0-1


[Site "https://www.chess.com"]